 Dungeon Crawl Stone Soup version 0.16-a0-3606-g1520cdc (webtiles) character file.

655 Ololoev the Changer (level 7, -8/48 HPs)
             Began as a Merfolk Transmuter on Jan 13, 2015.
             Mangled by Duvessa
             ... wielding a +0 rapier
              (18 damage)
             ... on level 4 of the Dungeon.
             The game lasted 00:18:53 (3992 turns).

Ololoev the Changer (Merfolk Transmuter)            Turns: 3992, Time: 00:18:53

Health: -8/48      AC:  3    Str: 11 (12) XL:     7   Next: 54%
Magic:  1/13       EV: 13    Int: 17      God:
Gold:   149        SH:  0    Dex: 14      Spells: 4 memorised, 1 level left

rFire  . . .     SeeInvis .       - Unarmed
rCold  . . .     Clarity  .     c - +1 robe
rNeg   . . .     SustAb   .     (no shield)
rPois  .         Gourm    .     (helmet restricted)
rElec  .         Spirit   .     (no cloak)
rCorr  .         Warding  .     (no gloves)
rMut   .         Stasis   .     (no boots)
MR     .....                    (no amulet)
Stlth  +.........               (no ring)
                                (no ring)

@: appendage, very slightly contaminated, hasted, very quick, not resistant to
hostile enchantments, very unstealthy
A: change form in water, swift swim, claws 1, horns 2, clever 2, deterioration
2, screaming 1, wild magic 1
a: End Transformation


You were on level 4 of the Dungeon.
You were not hungry.
You had grown temporary horns.
You visited 1 branch of the dungeon, and saw 4 of its levels.

You collected 149 gold pieces.

Notes
Turn   | Place    | Note
--------------------------------------------------------------
     0 | D:1      | Ololoev, the Merfolk Transmuter, began the quest for the Orb.
     0 | D:1      | Reached XP level 1. HP: 15/15 MP: 3/3
   298 | D:1      | Reached XP level 2. HP: 21/21 MP: 2/4
   502 | D:1      | Reached XP level 3. HP: 23/26 MP: 4/6
   958 | D:2      | Found a basalt altar of Yredelemnul.
   995 | D:2      | Learned a level 3 spell: Spider Form
   998 | D:2      | Learned a level 2 spell: Sticks to Snakes
  1010 | D:2      | Reached skill level 4 in Transmutations
  1162 | D:2      | Found a shimmering altar of Xom.
  1271 | D:2      | Found a stormy altar of Qazlal.
  1926 | D:2      | Reached XP level 4. HP: 32/32 MP: 6/8
  2171 | D:3      | Gained mutation: Your body is slowly deteriorating. [potion of mutation]
  2171 | D:3      | Gained mutation: You have sharp fingernails. [potion of mutation]
  2171 | D:3      | Gained mutation: Your mind is acute. (Int +2) [potion of mutation]
  2172 | D:3      | Gained mutation: Your spells are a little harder to cast, but a little more powerful. [potion of mutation]
  2172 | D:3      | Gained mutation: You occasionally shout uncontrollably at your foes. [potion of mutation]
  2172 | D:3      | Gained mutation: Your body is deteriorating. [potion of mutation]
  2173 | D:3      | Gained mutation: Your mind is very acute. (Int +4) [potion of mutation]
  2203 | D:3      | Noticed Sigmund
  2238 | D:3      | Killed Sigmund
  2238 | D:3      | Reached XP level 5. HP: 30/37 MP: 7/9
  2341 | D:3      | Reached skill level 5 in Transmutations
  2364 | D:3      | Learned a level 4 spell: Ice Form
  2484 | D:3      | Reached skill level 1 in Ice Magic
  2807 | D:3      | Reached XP level 6. HP: 36/43 MP: 8/11
  3077 | D:3      | Found a deep blue altar of Sif Muna.
  3540 | D:3      | Reached skill level 5 in Unarmed Combat
  3648 | D:4      | Learned a level 2 spell: Sticks to Snakes
  3658 | D:4      | Reached skill level 6 in Transmutations
  3658 | D:4      | Reached XP level 7. HP: 33/48 MP: 11/13
  3712 | D:4      | Noticed xsansara's ghost (experienced OpWr)
  3745 | D:4      | Killed xsansara's ghost
  3964 | D:4      | Noticed Duvessa
  3965 | D:4      | Noticed Dowan
  3992 | D:4      | Mangled by Duvessa

Inventory:

Missiles
 b - 30 arrows
Armour
 c - a +1 robe (worn)
Magical devices
 i - a wand of confusion (11)
Scrolls
 k - a scroll of identify
 l - a scroll of amnesia
Books
 d - a book of Changes

   Spells                             Type                      Level
   a - Beastly Appendage              Transmutation                1
   b - Sticks to Snakes               Transmutation                2
   c - Spider Form                    Transmutation/Poison         3
   d - Ice Form                       Ice/Transmutation            4
   e - Blade Hands                    Transmutation                5
Comestibles
 a - 3 bread rations
 f - 2 beef jerkies
 g - 2 meat rations
 h - 2 slices of pizza
 j - 2 chunks of flesh
 o - 4 fruits

Table legend:
 A = Turns spent in this place as a percentage of turns spent in the entire game.
 B = Non-inter-level travel turns spent in this place as a percentage of non-inter-level travel turns spent in the entire game.
 C = Inter-level travel turns spent in this place as a percentage of turns spent in this place.
 D = Turns resting spent in this place as a percentage of non-inter-level travel turns spent in this place.
 E = Turns spent auto-exploring this place as a percentage of non-inter-level travel turns spent in this place.
 F = Non-inter-level travel turns spent in this place divided by the number of levels of this place that you've seen.
                   A       B       C       D       E      F
               +-------+-------+-------+-------+-------+----------------------
         Total | 100.0 | 100.0 |   0.3 |   9.2 |   8.3 | 267.8
       Dungeon | 100.0 | 100.0 |   0.3 |   9.2 |   8.3 | 267.8
               +-------+-------+-------+-------+-------+----------------------


   Skills:
 - Level 1.1 Fighting
 - Level 3.6 Dodging
 + Level 5.3 Unarmed Combat
 - Level 2.7 Spellcasting
 + Level 6.4 Transmutations
 * Level 4.6 Ice Magic


You had one spell level left.
You knew the following spells:

 Your Spells              Type           Power        Failure   Level  Hunger
a - Beastly Appendage     Trmt           #####.       4%          1    #......
b - Spider Form           Trmt/Pois      ###.......   30%         3    ###....
c - Ice Form              Ice/Trmt       ####....     34%         4    #####..
d - Sticks to Snakes      Trmt           #####.....   5%          2    ##.....


Dungeon Overview and Level Annotations

Branches:
Dungeon (4/15)
 Temple: D:4-7

Altars:
Qazlal
Sif Muna
Xom
Yredelemnul

Annotations:
D:4 Dowan, Duvessa


Innate Abilities, Weirdness & Mutations

You revert to your normal form in water.
You are very nimble and swift while swimming.
You have sharp fingernails.
You have a pair of horns on your head.
Your mind is very acute. (Int +4)
Your body is deteriorating.
You occasionally shout uncontrollably at your foes.
Your spells are a little harder to cast, but a little more powerful.


Message History

Duvessa hits your ball python with a rapier!
Your ball python dies!
Wield which item (- for none, * to show all)? (? for menu, Esc to quit)
You are now empty-clawed.
Your adder barely misses Duvessa.
What do you say? t - Shout!
Orders for allies: a - Attack new target. r - Retreat! s - Stop attacking. w - Wait here. f - Follow me.
Anything else - Stay silent.
Gang up on whom?
Press: ? - help, Dir - move target cursor, f - Duvessa
Aim: Duvessa, wielding a rapier (heavily wounded, berserk, fast, unusually strong, poisoned) Attack!
Duvessa rages.
Your water moccasin closely misses Duvessa.
Your adder bites Duvessa but does no damage.
Duvessa hits your water moccasin with a rapier!
Your water moccasin barely misses Duvessa.
Your adder bites Duvessa.
Duvessa looks even sicker.
Your adder poisons Duvessa!
Duvessa hits your adder with a rapier!
Your water moccasin bites Duvessa but does no damage.
Your adder bites Duvessa.
Your adder poisons Duvessa!
Duvessa hits your adder with a rapier!
Your adder dies!
Your water moccasin barely misses Duvessa.
Casting: Sticks to Snakes
Confirm with . or Enter, or press ? or * to list all spells.
You fail to extend your transformation any further.
Duvessa hits your water moccasin with a rapier!
Your water moccasin bites Duvessa but does no damage.
Duvessa hits your water moccasin with a rapier!
Your water moccasin dies!
Drink which item? (? for menu, Esc to quit)
You feel yourself speed up.
You barely miss Duvessa. Your headbutt misses Duvessa.
Duvessa is almost dead.
You hear the brisk rusting of a distant drain.
Duvessa hits you with a rapier!!
You die...

###.....#
#....(###..#
#......##
##...## #.#
..####.### #...#
..# ###
#...#####..##
#.# #
##........#.####
.. #
#.######.##....#
#. ####...## ##
#e..# #@#.#
#####


You could see Duvessa (berserk).

Table legend:
 A = Kills in this place as a percentage of kills in entire the game.
 B = Kills by you in this place as a percentage of kills by you in the entire game.
 C = Kills by friends in this place as a percentage of kills by friends in the entire game.
 D = Other kills in this place as a percentage of other kills in the entire game.
 E = Experience gained in this place as a percentage of experience gained in the entire game.
 F = Experience gained in this place divided by the number of levels of this place that you have seen.
                   A       B       C       D       E      F
               +-------+-------+-------+-------+-------+----------------------
         Total | 100.0 | 100.0 |  -nan |  -nan | 100.0 | 234.2
       Dungeon | 100.0 | 100.0 |  -nan |  -nan | 100.0 | 234.2
               +-------+-------+-------+-------+-------+----------------------

Vanquished Creatures
  The ghost of xsansara the Slasher, an experienced OpWr of Ashenzari (D:4)
  Sigmund (D:3)
  A crimson imp (D:3)
  4 orc priests (D:3)
  A giant frog skeleton (D:4)
  An orc wizard (D:3)
  2 worker ants
  5 adders
  A giant mite (D:1)
  A shadow imp (D:4)
  6 worms
  An adder zombie (D:4)
  4 giant geckos
  13 orcs (D:3)
  3 ball pythons
  8 bats
  2 giant cockroaches
  8 hobgoblins
  6 jackals
  7 kobolds
  A giant newt (D:1)
  5 goblins
  5 rats
87 creatures vanquished.

Action                   |  1- 3 |  4- 6 |  7- 9 || total
-------------------------+-------+-------+-------++-------
Melee: Unarmed           |    90 |   160 |    39 ||   289
 Cast: Beastly Appendage |    19 |    14 |     3 ||    36
       Spider Form       |     2 |     9 |     2 ||    13
       Sticks to Snakes  |       |       |     7 ||     7
  Use: Scroll            |       |     8 |     2 ||    10
       Potion            |       |     5 |     1 ||     6
 Stab: Sleeping          |     1 |     2 |       ||     3
  Eat: Chunk             |     4 |     7 |     2 ||    13

Vault maps used:
D:1:      dpeg_arrival_stonehenge_12_columns
D:2:      nicolae_overflow_hidden_temple, overflow_temple_1_default,
          yredelemnul_altar_generic
D:3:      led_sif_pool, uniq_sigmund
D:4:      grunt_temple_overflow_growth_and_decay, gup_sewer_entry_bubbles,
          first_bread, minmay_misc_feat_chi, minmay_hedge_maze, uniq_duvessa,
          uniq_blork_the_orc
